 Dungeon Crawl Stone Soup version 0.31-a0-152-g6aa68a64a1 (webtiles) character file.

Game seed: 5579260122241171551

6428 jasper the Summoner (level 10, -4/71 HPs)
             Began as an Octopode Summoner on June 9, 2023.
             Was an Initiate of Gozag.
             Slain by a killer bee (9 damage)
             ... on level 10 of the Dungeon.
             The game lasted 00:13:10 (9701 turns).

jasper the Summoner (Octopode Summoner)             Turns: 9701, Time: 00:13:11

Health: -4/71      AC:  1    Str:  8    XL:     10   Next: 99%
Magic:  4/13       EV: 15    Int: 21    God:    Gozag
Gold:   1144       SH:  5    Dex: 13    Spells: 1/13 levels left

rFire   + . .        n - +2 short sword (flame)
rCold   . . .        x - +0 buckler
rNeg    . . .        (helmet restricted)
rPois   .            (no amulet)
rElec   .            c - ring of willpower
rCorr   .            w - ring of protection from fire
SInv    .            (no ring)
Will    +....        (no ring)
Stlth   +++          (no ring)
HPRegen 0.31/turn    (no ring)
MPRegen 0.13/turn    (no ring)
                     (no ring)

%: no passive effects
@: gold aura
A: almost no armour, amphibious, 8 rings, camouflage 1, gelatinous body 1,
(nimble swimmer 1), tentacles
a: Renounce Religion, Potion Petition, Call Merchant, Bribe Branch


You were on level 10 of the Dungeon.
You worshipped Gozag.
Gozag was most pleased with you.
You visited 1 branch of the dungeon, and saw 10 of its levels.

You collected 1315 gold pieces.
You spent 126 gold pieces at shops.
You paid 45 gold pieces to Gozag.

Inventory:

Hand Weapons
 n - a +2 short sword of flaming (weapon)
Missiles
 h - 4 javelins
 k - 4 curare-tipped darts
Armour
 x - a +0 buckler (worn)
Jewellery
 c - a ring of willpower (left tentacle)
 v - a ring of ice
 w - a ring of protection from fire (right tentacle)
Wands
 i - a wand of roots (5)
 q - a wand of flame (13)
 t - a wand of digging (4)
 y - a wand of acid (5)
 A - a wand of mindburst (8)
Scrolls
 f - a scroll of magic mapping {unknown}
 g - a scroll of enchant weapon
 j - a scroll of fear
 m - 3 scrolls of teleportation
 u - 3 scrolls of identify
Potions
 a - a potion of magic
 b - 2 potions of brilliance
 d - 2 potions of cancellation
 e - a potion of degeneration
 l - 2 potions of haste
 o - a potion of berserk rage
 p - 2 potions of lignification
 r - a potion of mutation
 s - a potion of invisibility
 z - 2 potions of attraction {unknown}


   Skills:
 + Level 7.0 Fighting
 + Level 7.3 Dodging
 - Level 2.6 Stealth
 - Level 4.5 Shields
 - Level 2.0 Spellcasting
 - Level 2.0 Hexes
 - Level 12.2 Summonings
 - Level 2.0 Air Magic


You had one spell level left.
You knew the following spells:

 Your Spells              Type           Power      Damage    Failure   Level
a - Summon Lightning Spi  Summ/Air       31%        N/A       12%         4
b - Call Imp              Summ           100%       N/A       1%          2
c - Call Canine Familiar  Summ           52%        N/A       1%          3
d - Summon Guardian Gole  Hex/Summ       31%        N/A       3%          3

Your spell library contained the following spells:

 Spells                   Type           Power      Damage    Failure   Level
 Summon Small Mammal      Summ           100%       N/A       1%          1
 Magic Dart               Conj           8%         1d3       22%         1
 Searing Ray              Conj           4%         2d4       32%         2
 Fulminant Prism          Conj/Hex       3%         3d5       82%         4


Dungeon Overview and Level Annotations

Branches:
Dungeon (10/15)            Temple (0/1) D:5            Lair (0/5) D:9
    Orc: D:9-12

Altars:
Ashenzari
Dithmenos
Fedhas
Gozag
Hepliaklqana
Kikubaaqudgha
Makhleb
Qazlal
Sif Muna
Trog

Shops:
D:5 (*


Innate Abilities, Weirdness & Mutations

You cannot wear most types of armour.
You are amphibious.
You can wear up to eight rings at the same time.
Your skin changes colour to match your surroundings (Stealth+).
Your rubbery body absorbs attacks. (AC +1, EV +1)
((You are camouflaged when in or above water. (Stealth+)))
You have tentacles for arms and can constrict up to eight enemies at once.


Message History

Your wolf misses the killer bee. The killer bee stings you!
The killer bee buzzes angrily. x2
Your Fighting skill increases to level 7!
You take 9 damage, and have 23/71 hp.
You barely miss the killer bee. Your grab misses the killer bee.
You feel sick. The killer bee misses you.
Your wolf closely misses the killer bee.
The killer bee stings you.
* * * LOW HITPOINT WARNING * * *
Your wolf misses the killer bee.
You take 5 damage, and have 18/71 hp.
You barely miss the killer bee. Your grab misses the killer bee.
You feel sick.
You are no longer poisoned.
The killer bee completely misses you.
Your wolf completely misses the killer bee.
The killer bee is distracted by your dazzling golden aura.
Your wolf bites the killer bee!
Your lightning spire shoots out a bolt of lightning at the killer bee!
The bolt of electricity hits the killer bee!
The killer bee is no longer distracted by gold.
The killer bee buzzes angrily.
You take 1 damage, and have 17/71 hp.
You miss the killer bee.
The killer bee is no longer distracted by gold.
Your grab misses the killer bee.
Your wolf barely misses the killer bee.
The killer bee misses you.
The killer bee is distracted by your dazzling golden aura.
Your wolf closely misses the killer bee.
The killer bee stings you!
* * * LOW HITPOINT WARNING * * *
The killer bee buzzes angrily.
You take 8 damage, and have 9/71 hp.
You closely miss the killer bee. Your grab misses the killer bee.
The killer bee stings you.
* * * LOW HITPOINT WARNING * * *
Your wolf bites the killer bee.
The killer bee is no longer distracted by gold.
The killer bee stings you!
You die...
Your body crumbles into a pile of gold.

..........#
..........#
..........#
..........#
..........#
..........#
..........#
.....yh@..#
.....$y$..#
.....y89..#
.....$....#
..........#
..........#
#########.#
.#


You could see 3 killer bees, a friendly guardian golem (summoned), a friendly
wolf (summoned, sheltered, poisoned) and a friendly lightning spire (summoned,
sheltered).

Vanquished Creatures
  A death knight (D:9)
  A wyvern (D:9)
  Menkaure (D:6)
  A water moccasin (D:6)
  2 orc warriors (D:9)
  A black bear (D:7)
  3 centaurs
  A phantom (D:6)
  A kobold brigand (D:9)
  3 bullfrogs
  3 scorpions
  3 wights
  4 killer bees
  An electric eel (D:9)
  A lava snake (D:7)
  2 hounds (D:6)
  Crazy Yiuf (D:5)
  2 jellies
  A sleepcap (D:6)
  An iguana (D:4)
  An orc wizard (D:3)
  2 gnolls (D:9)
  2 adders
  A shadow imp (D:8)
  An ufetubus (D:5)
  A worm (D:3)
  2 dart slugs (D:1)
  3 orcs
  2 bats
  3 endoplasms
  A giant cockroach (D:4)
  7 goblins
  5 jackals
  4 kobolds
  A quokka (D:2)
  3 ball pythons
  A frilled lizard (D:3)
  3 rats
77 creatures vanquished.

Vanquished Creatures (collateral kills)
  A hornet (D:8)
  Sigmund (D:6)
  A wyvern (D:9)
  3 yaks (D:9)
  A basilisk (D:9)
  A water moccasin (D:6)
  An ice beast (D:8)
  4 orc warriors
  3 sky beasts
  A black bear (D:4)
  2 centaurs (D:7)
  Blork the orc (D:6)
  A gnoll sergeant (D:9)
  3 bullfrogs
  A scorpion (D:5)
  4 wights
  6 killer bees
  2 electric eels (D:9)
  3 orc priests
  A hound (D:5)
  A jelly (D:8)
  A gnoll bouda (D:8)
  3 iguanas
  A sleepcap (D:6)
  2 orc wizards (D:9)
  Robin (D:3)
  10 gnolls
  4 adders
  A white imp (D:8)
  An ufetubus (D:5)
  12 orcs
  3 ball pythons
  5 endoplasms
  A giant cockroach (D:3)
  7 goblins
  7 hobgoblins
  A jackal (D:4)
  2 kobolds
  2 bats (D:1)
  A frilled lizard (D:3)
107 creatures vanquished.

Vanquished Creatures (others)
  2 wights (D:6)
2 creatures vanquished.

Grand Total: 186 creatures vanquished

Notes
Turn   | Place    | Note
-------+----------+-------------------------------------------
     0 | D:1      | jasper the Octopode Summoner began the quest for the Orb.
     0 | D:1      | Reached XP level 1. HP: 11/11 MP: 3/3
   213 | D:1      | Reached XP level 2. HP: 17/17 MP: 1/5
   216 | D:1      | Learned a level 2 spell: Call Imp
   739 | D:2      | Reached skill level 5 in Summonings
   739 | D:2      | Reached XP level 3. HP: 15/21 MP: 3/6
   743 | D:2      | Learned a level 3 spell: Call Canine Familiar
  1072 | D:2      | Reached XP level 4. HP: 23/27 MP: 7/7
  1426 | D:3      | Found an opulent altar of Gozag.
  1434 | D:3      | Became a worshipper of Gozag Ym Sagoz the Greedy
  1542 | D:3      | Reached skill level 6 in Summonings
  1545 | D:3      | Noticed a scorpion
  1547 | D:3      | Noticed Robin
  1562 | D:3      | Killed a scorpion
  1563 | D:3      | Reached XP level 5. HP: 24/31 MP: 2/8
  1563 | D:3      | Killed Robin
  1625 | D:3      | Found a burning altar of Makhleb.
  1883 | D:3      | You fall into a shaft and drop 1 floor!
  1933 | D:4      | Found a stormy altar of Qazlal.
  1988 | D:4      | Noticed a black bear
  1996 | D:4      | Killed a black bear
  1997 | D:4      | Reached skill level 7 in Summonings
  1997 | D:4      | Reached XP level 6. HP: 27/36 MP: 6/9
  2002 | D:4      | Learned a level 3 spell: Summon Guardian Golem
  2609 | D:5      | Entered Level 5 of the Dungeon
  2623 | D:5      | Reached skill level 1 in Hexes
  2680 | D:5      | Reached XP level 7. HP: 37/41 MP: 10/10
  2692 | D:5      | Reached skill level 8 in Summonings
  2953 | D:5      | Found a shimmering blue altar of Sif Muna.
  3056 | D:5      | Found Rorelofa's Weapon Shop.
  3061 | D:5      | Found Suapn's General Store.
  3069 | D:5      | Bought a scroll of fear for 56 gold pieces
  3069 | D:5      | Bought a scroll of identify for 28 gold pieces
  3069 | D:5      | Bought a potion of lignification for 42 gold pieces
  3267 | D:5      | Found a shadowy altar of Dithmenos.
  3276 | D:5      | Found a staircase to the Ecumenical Temple.
  3292 | D:5      | Reached skill level 9 in Summonings
  3525 | D:5      | Found a hazy altar of Hepliaklqana.
  3977 | D:5      | Found a runed translucent door.
  3978 | D:5      | Noticed Crazy Yiuf
  3991 | D:5      | Killed Crazy Yiuf
  4171 | D:6      | Reached XP level 8. HP: 46/46 MP: 11/11
  4249 | D:6      | Found a blossoming altar of Fedhas.
  4317 | D:6      | Reached skill level 10 in Summonings
  4553 | D:6      | Reached skill level 11 in Summonings
  4699 | D:6      | Noticed Menkaure
  4704 | D:6      | Killed Menkaure
  4705 | D:6      | Reached XP level 9. HP: 51/51 MP: 8/12
  4830 | D:6      | Noticed Sigmund
  4837 | D:6      | Killed Sigmund
  4838 | D:6      | Reached skill level 12 in Summonings
  4857 | D:6      | Noticed Blork the orc
  4865 | D:6      | Killed Blork the orc
  5217 | D:7      | Found an ancient bone altar of Kikubaaqudgha.
  5249 | D:7      | Reached skill level 1 in Fighting
  6066 | D:7      | Learned a level 4 spell: Summon Lightning Spire
  6163 | D:8      | Noticed a hornet
  6171 | D:8      | Killed a hornet
  6172 | D:8      | Reached skill level 1 in Air Magic
  6312 | D:8      | Found a broken altar of Ashenzari.
  6670 | D:8      | Reached skill level 1 in Shields
  7114 | D:8      | Reached XP level 10. HP: 35/63 MP: 13/13
  8088 | D:9      | Reached skill level 5 in Dodging
  8188 | D:9      | Reached skill level 5 in Fighting
  8299 | D:9      | Found a staircase to the Lair.
  8775 | D:9      | Noticed a death knight
  8811 | D:9      | Killed a death knight
  9578 | D:9      | Found a bloodstained altar of Trog.
  9689 | D:10     | Entered Level 10 of the Dungeon
  9701 | D:10     | Slain by a killer bee

Illustrated notes

Levels and vault maps discovered:
D:1:      dpeg_arrival_line_fractal, layout_rooms, grunt_decor_fettered
D:2:      layout_basic
D:3:      layout_loops_ring, mainiacjoe_overflow_small_starburst,
          grunt_gozag_statues, uniq_robin, uniq_grinder
D:4:      layout_basic, mainiacjoe_overflow_chevrons
D:5:      layout_basic, general_overflow_altar, nicolae_overflow_hidden_temple,
          temple_fountains, minmay_misc_feat_hallway, kennysheep_crisscross,
          solitary_fountain, serial_bayou_pond_e, nicolae_wooded_promenade,
          uniq_crazy_yiuf_cottage
D:6:      layout_loops_ring, fedhas_ov_isle_minmay, st_stairs_7, uniq_menkaure,
          uniq_blork_the_orc, uniq_sigmund
D:7:      layout_gridville, mainiacjoe_overflow_alcove_1, roderic_roman_lattice,
          serial_park_tiny_2, kennysheep_opposing_triangles
D:8:      layout_loops_corners, lemuel_round_altar
D:9:      minmay_opposing_rooms, layout_basic, kennysheep_mini,
          kennysheep_generic_room_3
D:10:     layout_long_grid, david_orc_5

Skill      XL: |  1  2  3  4  5  6  7  8  9 10 |
---------------+-------------------------------+-----
Summonings     | 5 6 7 9 11 12 | 12.2
Hexes          | 1 2 |  2.0
Fighting       | 4 7 |  7.0
Dodging        | 4 7 |  7.3
Air Magic      | 2 |  2.0
Shields        | 2 4 |  4.5
Stealth        | |  2.6
Spellcasting   | |  2.0

Action                     |  1- 3 |  4- 6 |  7- 9 | 10-12 || total
---------------------------+-------+-------+-------+-------++-------
  Melee: Unarmed           |    53 |    19 |       |       ||    72
         Constrict         |    15 |    17 |    23 |    13 ||    68
         Tentacles         |    16 |    16 |    26 |    20 ||    78
         Short sword       |       |    43 |   100 |    54 ||   197
         Punch             |       |     2 |     1 |       ||     3
   Cast: Summon Small Mamm |    10 |       |       |       ||    10
         Call Imp          |    10 |    10 |     3 |       ||    23
         Call Canine Famil |     1 |     8 |    22 |    16 ||    47
         Summon Guardian G |       |       |     5 |     3 ||     8
         Summon Lightning  |       |       |     7 |    16 ||    23
  Evoke: Wand              |       |       |     2 |     5 ||     7
    Use: Scroll            |     1 |     7 |     8 |     1 ||    17
         Potion            |       |       |     2 |     4 ||     6
   Stab: Sleeping          |     2 |     4 |     6 |       ||    12
         Distracted        |       |       |     1 |       ||     1
 Armour: Skin              |     5 |     3 |     7 |     1 ||    16
  Dodge: Dodged            |    37 |    40 |    71 |    48 ||   196
  Block: Buckler           |       |       |     2 |    18 ||    20

Table legend: (Time is in decaauts)
 A = Elapsed time spent in this place.
 B = Non-inter-level travel time spent in this place.
 C = Inter-level travel time spent in this place.
 D = Time resting spent in this place.
 E = Time spent auto-exploring this place.
 F = Levels seen in this place.
 G = Mean time per level.
                   A        B        C        D        E       F      G
               +--------+--------+--------+--------+--------+-----+--------+
         Total |   9702 |   9485 |    217 |    369 |   7431 |  10 |  970.2 |
       Dungeon |   9702 |   9485 |    217 |    369 |   7431 |  10 |  970.2 |
               +--------+--------+--------+--------+--------+-----+--------+

Top non-repeatable levels by time:
     D:9: 2118 daAuts
     D:8: 1508 daAuts
     D:5: 1497 daAuts
     D:6: 1036 daAuts
     D:7: 922 daAuts
     D:4: 725 daAuts
     D:2: 701 daAuts
     D:1: 700 daAuts
     D:3: 480 daAuts
    D:10: 12 daAuts
